 Dungeon Crawl Stone Soup version 0.31.0-12-g77e489cdc1 (webtiles) character file.

Game seed: 8739522181957572847

1586 Arlic the Chopper (level 8, -3/64 HPs)
             Began as a Demonspawn Brigand on Feb 26, 2024.
             Slain by an ice beast (5 damage)
             ... on level 6 of the Dungeon.
             The game lasted 00:06:40 (5570 turns).

Arlic the Chopper (Demonspawn Brigand)              Turns: 5570, Time: 00:06:40

Health: -3/64      AC:  8    Str: 17    XL:     8   Next: 61%
Magic:  8/8        EV: 17    Int: 16    God:
Gold:   380        SH:  0    Dex: 13    Spells: 7/7 levels left

rFire   . . .        q - +6 war axe of Ashenzari's Approval {freeze, Str+6 Int+4 Dex-4}
rCold   . . .        (no shield)
rNeg    . . .        n - +0 leather armour
rPois   .            (helmet restricted)
rElec   .            c - +0 cloak
rCorr   .            (no gloves)
SInv    .            v - +0 pair of boots
Will    .....        (no amulet)
Stlth   ++           Z - ring of wizardry
HPRegen 0.30/turn    (no ring)
MPRegen 0.11/turn

%: wizardry (x1)
@: agile, studying Earth Magic
A: horns 1, yellow scales 2, powered by pain 2
a: no special abilities


You were on level 6 of the Dungeon.
You visited 1 branch of the dungeon, and saw 6 of its levels.
You also visited: Sewer.

You collected 380 gold pieces.


Innate Abilities, Weirdness & Mutations

You have a pair of small horns on your head.
You are mostly covered in yellow scales. (AC +3)
You sometimes gain power by taking damage.


   Skills:
 - Level 6.0 Fighting
 - Level 1.7 Short Blades
 + Level 7.9 Axes
 - Level 1.7 Throwing
 - Level 3.0 Dodging
 - Level 3.6 Stealth


You had 7 spell levels left.
You didn't know any spells.
Your spell library contained the following spells:

 Spells                   Type           Power      Damage    Failure   Level
 Magic Dart               Conj           0%         1d3       12%         1
 Searing Ray              Conj           0%         2d4       19%         2
 Fulminant Prism          Conj/Alch      0%         3d5       73%         4
 Haunt                    Necr/Summ      0%         N/A       100%        7
 Borgnjor's Revivificati  Necr           0%         N/A       100%        8
 Death's Door             Necr           0%         N/A       100%        9

Inventory:

Hand Weapons
 a - a +3 dagger
 q - the +6 war axe of Ashenzari's Approval (weapon) {freeze, Str+6 Int+4 Dex-4}
   (You found it on level 4 of the Dungeon)

   Str+6:     It affects your strength (+6).
   Int+4:     It affects your intelligence (+4).
   Dex-4:     It affects your dexterity (-4).
Missiles
 d - 12 poisoned darts (quivered)
 e - 3 curare-tipped darts {=f}
Armour
 b - a +0 robe
 c - a +0 cloak (worn)
 n - a +0 leather armour (worn)
 r - a +0 helmet
 v - a +0 pair of boots (worn)
Jewellery
 Z - a ring of wizardry (left hand)
Scrolls
 f - 2 scrolls of amnesia {unknown}
 g - 3 scrolls of enchant armour {unknown}
 h - 4 scrolls of identify {unknown}
 i - 4 scrolls of teleportation {unknown}
 j - 2 scrolls of enchant weapon
 l - a scroll of summoning {unknown}
 m - a scroll of acquirement {unknown}
 p - a scroll of poison {unknown}
 s - 2 scrolls of immolation {unknown}
 u - a scroll of fog {unknown}
Potions
 k - a potion of ambrosia {unknown}
 o - 2 potions of curing {@q1}
 t - a potion of berserk rage {unknown}
 w - a potion of might {unknown}
 x - a potion of mutation {unknown}

Dungeon Overview and Level Annotations

Branches:
Dungeon (6/15)              Sewer (visited)
 Temple: D:4-7

Altars:
Fedhas
Kikubaaqudgha
Wu Jian

## .. .. .. #.
####.# #.§#### .....
#. #§)@.####...# ...
####Y#....####.#..
####........)....#
#.......g.#...#
##.###......)#
#......#.#.###
#########).#.....#.#
.........<)..#####..
####.####))### #..#


You could see an ice beast and a gnoll bouda.


Message History

* * * LOW HITPOINT WARNING * * *
You focus on the pain.
You feel agile all of a sudden.
You barely miss Pikel.
Pikel is severely wounded.
Pikel hits you with a +2 whip of electrocution!
* * * LOW HITPOINT WARNING * * *
You are electrocuted!
* * * LOW HITPOINT WARNING * * *
You focus on the pain.
You feel more agile all of a sudden.
You miss Pikel.
Pikel is severely wounded.
Pikel hits you but does no damage.
A gnoll bouda comes into view. It is wielding a +0 sling.
The gnoll bouda shouts!
You hit Pikel. You freeze Pikel. Your headbutt misses Pikel.
Pikel is almost dead.
You slash the ice beast! Pikel misses you.
A gnoll comes into view. It is wielding a +0 battleaxe.
The ice beast hits you but does no damage.
The hound barks!
You slash Pikel! You freeze Pikel.
You kill Pikel!
You slash the ice beast!
With Pikel's spell broken, his former minions thank you for their freedom.
The lemure departs this earthly plane. x2; The ice beast hits you.
* * * LOW HITPOINT WARNING * * *
The ice beast freezes you.
You die...

Skill      XL: |  1  2  3  4  5  6  7  8 |
---------------+-------------------------+-----
Fighting       | 3 4 5 6 |  6.0
Dodging        | 1 3 |  3.0
Axes           | 2 6 7 |  7.9
Short Blades   | |  1.7
Throwing       | |  1.7
Stealth        | |  3.6

Action                     |  1- 3 |  4- 6 |  7- 9 || total
---------------------------+-------+-------+-------++-------
  Melee: Dagger            |   112 |   213 |       ||   325
         Punch             |     1 |     1 |       ||     2
         War axe           |       |    47 |    88 ||   135
         Headbutt          |       |       |     6 ||     6
  Throw: Dart              |     1 |     5 |       ||     6
    Use: Potion            |     1 |       |       ||     1
         Scroll            |       |     1 |       ||     1
   Stab: Sleeping          |     3 |    10 |     2 ||    15
 Armour: Robe              |    71 |    32 |       ||   103
         Leather armour    |       |   123 |   105 ||   228
  Dodge: Dodged            |    56 |   120 |    86 ||   262

Levels and vault maps discovered:
D:1:      minmay_arrival_checkered_box, layout_rooms
D:2:      layout_rooms
D:3:      layout_loops_corners, nicolae_ecumenical_snake_handling,
          small_statue_alley_b, grunt_ministairs_6, kennysheep_doodads,
          uniq_terence
D:4:      layout_cave_pools, tgw_kikubaaqudgha, mainiacjoe_overflow_paths,
          pdpol_wu_jian_five_deadly_venoms, uniq_robin
D:5:      layout_loops_ring, cheibrodos_sewer_entry_bend,
          dreamdust_princess_corridor, minmay_manual_mares, uniq_sigmund
D:6:      layout_rooms, minmay_temple_entry_fiery, uniq_duvessa, uniq_pikel

Notes
Turn   | Place    | Note
-------+----------+-------------------------------------------
     0 | D:1      | Arlic the Demonspawn Brigand began the quest for the Orb.
     0 | D:1      | Reached XP level 1. HP: 16/16 MP: 1/1
   221 | D:1      | Gained mutation: You sometimes gain a little power by
                  | taking damage. [demonic ancestry]
   221 | D:1      | Reached XP level 2. HP: 22/23 MP: 2/2
   276 | D:1      | Reached skill level 3 in Fighting
   494 | D:1      | Gained mutation: You sometimes gain power by taking damage.
                  | [demonic ancestry]
   494 | D:1      | Reached XP level 3. HP: 17/29 MP: 3/3
   992 | D:2      | Reached skill level 4 in Fighting
  1233 | D:2      | Gained mutation: You are partially covered in yellow
                  | scales. (AC +2) [demonic ancestry]
  1233 | D:2      | Reached XP level 4. HP: 29/38 MP: 4/4
  1736 | D:3      | Reached skill level 5 in Fighting
  1736 | D:3      | Reached skill level 1 in Dodging
  2232 | D:3      | Reached XP level 5. HP: 44/44 MP: 5/5
  2242 | D:3      | Found a faded altar of an unknown god.
  2254 | D:3      | Reached skill level 2 in Dodging
  2315 | D:3      | Noticed Terence
  2337 | D:3      | Killed Terence
  2885 | D:4      | Noticed a phantom
  2943 | D:3      | Killed a phantom
  2944 | D:3      | Reached skill level 3 in Dodging
  2944 | D:3      | Reached XP level 6. HP: 16/51 MP: 6/6
  3088 | D:4      | Identified the +6 war axe of Ashenzari's Approval {freeze,
                  | Str+6 Int+4 Dex-4}
  3123 | D:4      | Found a blossoming altar of Fedhas.
  3165 | D:4      | Reached skill level 1 in Axes
  3218 | D:4      | Noticed Robin
  3230 | D:4      | Killed Robin
  3348 | D:4      | Reached skill level 6 in Fighting
  3400 | D:4      | Found an ancient bone altar of Kikubaaqudgha.
  3404 | D:4      | Noticed a human
  3406 | D:4      | Killed a human
  3463 | D:4      | Reached skill level 2 in Axes
  3562 | D:4      | Gained mutation: You are mostly covered in yellow scales.
                  | (AC +3) [demonic ancestry]
  3562 | D:4      | Reached XP level 7. HP: 26/58 MP: 7/7
  3742 | D:4      | Reached skill level 3 in Axes
  3832 | D:4      | Found an ornate altar of the Wu Jian Council.
  3913 | D:5      | Entered Level 5 of the Dungeon
  3942 | D:5      | Found a glowing drain.
  3960 | Sewer    | Entered a sewer
  4249 | D:5      | Reached skill level 4 in Axes
  4348 | D:5      | Noticed Sigmund
  4361 | D:5      | Killed Sigmund
  4362 | D:5      | Reached skill level 5 in Axes
  4384 | D:5      | Reached skill level 6 in Axes
  4384 | D:5      | Gained mutation: You have a pair of small horns on your
                  | head. [demonic ancestry]
  4384 | D:5      | Reached XP level 8. HP: 29/64 MP: 8/8
  4797 | D:5      | Reached skill level 7 in Axes
  5555 | D:6      | Noticed Pikel
  5567 | D:6      | HP: 5/64 [Pikel/+2 whip of electrocution (15)]
  5570 | D:6      | Killed Pikel
  5570 | D:6      | HP: 2/64 [ice beast (4)]
  5570 | D:6      | Slain by an ice beast

Vanquished Creatures
  Pikel (D:6)
  Sigmund (D:5)
  An ogre (D:5)
  A crocodile (Sewer)
  3 centaurs (D:5)
  2 phantoms
  A bullfrog (D:5)
  A scorpion (D:4)
  2 orc priests
  2 jellies (D:5)
  3 hounds
  A sleepcap (D:4)
  4 iguanas (D:5)
  Terence (D:3)
  6 orc wizards
  Robin (D:4)
  A gnoll (D:6)
  10 adders
  A shadow imp (D:6)
  A white imp (D:3)
  4 dart slugs
  2 ribbon worms
  12 orcs
  7 ball pythons
  9 endoplasms
  3 giant cockroaches
  13 goblins
  10 hobgoblins
  4 jackals (Sewer)
  5 quokkas
  3 bats (D:1)
  A frilled lizard (D:1)
  6 kobolds
  5 rats
128 creatures vanquished.

Vanquished Creatures (others)
  A human (D:4)
1 creature vanquished.

Grand Total: 129 creatures vanquished

Table legend: (Time is in decaauts)
 A = Elapsed time spent in this place.
 B = Non-inter-level travel time spent in this place.
 C = Inter-level travel time spent in this place.
 D = Time resting spent in this place.
 E = Time spent auto-exploring this place.
 F = Levels seen in this place.
 G = Mean time per level.
                   A        B        C        D        E       F      G
               +--------+--------+--------+--------+--------+-----+--------+
         Total |   5595 |   5460 |    135 |   1196 |   3232 |   7 |  799.3 |
       Dungeon |   5301 |   5166 |    135 |   1196 |   2999 |   6 |  883.5 |
         Sewer |    294 |    294 |      0 |      0 |    232 |   1 |  294.0 |
               +--------+--------+--------+--------+--------+-----+--------+

Top non-repeatable levels by time:
     D:3: 1461 daAuts
     D:5: 1054 daAuts
     D:2: 919 daAuts
     D:4: 906 daAuts
     D:1: 619 daAuts
     D:6: 340 daAuts
   Sewer: 294 daAuts

Table legend:
 A = Non-vault XP
 B = Vault XP
 C = Vault XP percentage of total XP
 D = Non-vault monster count
 E = Vault monster count
 F = Vault count percentage of total count
                 A         B        C        D         E       F
            +---------+---------+-------+---------+---------+-------
      Total |    1591 |    1339 |  45.7 |      98 |      30 |  23.4
            +---------+---------+-------+---------+---------+-------
        D:1 |      41 |       0 |   0.0 |      17 |       0 |   0.0
        D:2 |      80 |       0 |   0.0 |      18 |       0 |   0.0
        D:3 |     226 |      56 |  19.9 |      21 |       6 |  22.2
        D:4 |     361 |      34 |   8.6 |      18 |      12 |  40.0
        D:5 |     663 |     458 |  40.9 |      16 |       4 |  20.0
        D:6 |     220 |     663 |  75.1 |       8 |       1 |  11.1
      Sewer |       0 |     128 | 100.0 |       0 |       7 | 100.0
            +---------+---------+-------+---------+---------+-------
